 Dungeon Crawl Stone Soup version 0.27-a0-170-g607d9e9d85 (webtiles) character file.

Game seed: 12083064278790923838

115 Xavori the Sneak (level 5, -2/32 HPs)
             Began as an Octopode Chaos Knight on Jan 28, 2021.
             Was a Plaything of Xom.
             Slain by an ogre
             ... wielding a +0 giant club
              (22 damage)
             ... on level 4 of the Dungeon.
             The game lasted 00:02:04 (3223 turns).

Xavori the Sneak (Octopode Chaos Knight)            Turns: 3223, Time: 00:02:05

Health: -2/32      AC:  1    Str: 11    XL:     5   Next: 0%
Magic:  14/14      EV: 14    Int: 15    God:    Xom [...*..]
Gold:   225        SH:  0    Dex: 12    Spells: 4/4 levels left

rFire    . . .     SeeInvis .   k - +3 dagger
rCold    . . .     Faith    .   (no shield)
rNeg     . . .     Spirit   .   (helmet restricted)
rPois    .         Reflect  .   (no amulet)
rElec    .         Harm     .   j - ring of magical power
rCorr    .         Rampage  .   (no ring)
Will     .....                  (no ring)
Stlth    +++.......             (no ring)
HPRegen  0.10/turn              (no ring)
MPRegen  0.14/turn              (no ring)
                                (no ring)
                                (no ring)

@: no status effects
A: almost no armour, stealthy swim, amphibious, 8 rings, constrict 8, camouflage
1, blurry vision 1, deterioration 1, frail 1, gelatinous body 1
a: Renounce Religion


You were on level 4 of the Dungeon.
You worshipped Xom.
You were a favourite toy of Xom.
You visited 1 branch of the dungeon, and saw 4 of its levels.

You collected 225 gold pieces.

Inventory:

Hand Weapons
 a - a +0 short sword of chaos
 k - a +3 dagger (weapon)
Jewellery
 j - a ring of magical power (left tentacle)
Wands
 r - a wand of iceblast (3)
Scrolls
 e - 2 scrolls of random uselessness {unknown}
 f - a scroll of immolation {unknown}
 i - 2 scrolls of enchant weapon {unknown}
 l - 5 scrolls of remove curse {unknown}
 n - a scroll of magic mapping {unknown}
 o - a scroll of teleportation {unknown}
 p - a scroll of identify {unknown}
Potions
 b - 2 potions of curing {unknown}
 c - a potion of cancellation {unknown}
 d - a potion of attraction {unknown}
 g - 2 potions of brilliance {unknown}
 h - 4 potions of flight {unknown}
 m - a potion of might {unknown}
 q - a potion of lignification {unknown}


   Skills:
 + Level 3.4 Fighting
 + Level 3.9 Short Blades
 + Level 2.8 Dodging
 * Level 4.0 Stealth


You had 4 spell levels left.
You didn't know any spells.
Your spell library was empty.

Dungeon Overview and Level Annotations

Branches:
Dungeon (4/15)
 Temple: D:4-7

Altars:
Elyvilon
Fedhas
Xom
Yredelemnul


Innate Abilities, Weirdness & Mutations

You cannot wear most types of armour.
You are very stealthy in the water. (Stealth+)
You are amphibious.
You can wear up to eight rings at the same time.
You can use your tentacles to constrict eight enemies at once.
Your skin changes colour to match your surroundings (Stealth+).
Your rubbery body absorbs attacks. (AC +1, EV +1)
Scrolls take you a little longer to read.
Your body sometimes deteriorates upon taking damage.
You are frail. (-10% HP)


Message History

An ogre comes into view. It is wielding a +0 giant club.
An ogre is nearby!
An ogre is nearby!
An ogre is nearby!
The ogre shouts!
The ogre closely misses you.
You hit the ogre.
The ogre is lightly wounded.
You hit the ogre. You squeeze the ogre!
The ogre is severely wounded.
The ogre hits you with a +0 giant club!
A shower of butterflies erupts from you!
You barely miss the ogre. You squeeze the ogre, but do no damage.
The ogre is severely wounded.
You closely miss the ogre.
The ogre is severely wounded.
The ogre hits you with a +0 giant club!!
Ouch! That really hurt!
You die...
Xom titters!

.....#
.###.##
#####... ##
##.## ......#
# ##.##
...b..## #
#..# ...b...
##.# #.....
##.# #...#
#..# #Ob#
#..## #@.#
##..## ##.b#
#...#####.>.#
##........b##
##........#
###.....##
###...# #...#
..?....


You could see an ogre.

Vanquished Creatures
  2 adders
  2 oozes
  A worm (D:3)
  3 dart slugs (D:1)
  5 leopard geckos
  5 orcs
  6 bats
  2 giant cockroaches
  9 goblins
  10 hobgoblins
  4 jackals (D:2)
  9 kobolds
  2 frilled lizards
  5 rats
65 creatures vanquished.

Vanquished Creatures (others)
  6 plants (D:2)
6 creatures vanquished.

Grand Total: 71 creatures vanquished

Notes
Turn   | Place    | Note
-------+----------+-------------------------------------------
     0 | D:1      | Xavori the Octopode Chaos Knight began the quest for the
                  | Orb.
     0 | D:1      | Reached XP level 1. HP: 16/16 MP: 1/1
    44 | D:1      | XOM: divination: detect creatures
   161 | D:1      | Reached skill level 1 in Stealth
   161 | D:1      | Reached XP level 2. HP: 21/21 MP: 2/2
   275 | D:1      | XOM: silly message
   457 | D:1      | XOM: silly message
   483 | D:1      | XOM: divination: detect creatures
   512 | D:1      | Reached XP level 3. HP: 26/26 MP: 3/3
   546 | D:1      | XOM: silly message
   757 | D:2      | Found a basalt altar of Yredelemnul.
   768 | D:2      | Reached skill level 2 in Stealth
  1422 | D:2      | XOM is BORED!
  1537 | D:2      | XOM: torment (14/26 hp)
  1802 | D:2      | XOM: 9-stop teleportation journey
  1846 | D:2      | XOM: scenery: summon butterflies
  1904 | D:2      | Reached XP level 4. HP: 12/31 MP: 4/4
  2124 | D:2      | XOM: god gift: 24 gold pieces
  2149 | D:2      | Reached skill level 3 in Stealth
  2152 | D:2      | Found a white marble altar of Elyvilon.
  2152 | D:2      | Found a shimmering altar of Xom.
  2259 | D:3      | Found a blossoming altar of Fedhas.
  2268 | D:3      | XOM: snakes to sticks
  2331 | D:2      | XOM: divination: magic mapping
  2474 | D:2      | XOM: give mutations
  2474 | D:2      | Gained mutation: Your body sometimes deteriorates upon
                  | taking damage. [Xom's mischief]
  2474 | D:2      | Gained mutation: Scrolls take you a little longer to read.
                  | [Xom's mischief]
  2474 | D:2      | Gained mutation: You are frail. (-10% HP) [Xom's mischief]
  2729 | D:3      | XOM: 1-stop teleportation journey
  2777 | D:3      | XOM: butterfly on damage
  3108 | D:3      | Reached skill level 4 in Stealth
  3108 | D:3      | Reached XP level 5. HP: 31/32 MP: 5/5
  3213 | D:4      | Noticed an ogre
  3221 | D:4      | XOM: butterfly on damage
  3223 | D:4      | Slain by an ogre

Illustrated notes

Levels and vault maps discovered:
D:1:      eino_arrival_druids_welcome, layout_basic
D:2:      layout_basic, nicolae_overflow_crystal_walls,
          amethyst_overflow_temple_binary, lexackson_kobold_supper
D:3:      layout_rooms, fedhas_altar_1
D:4:      black_bear_nest_1, layout_layer_cave, lemuel_doored_altar,
          serial_shops, shop_fountains, abandoned_shop

Skill      XL: |  1  2  3  4 |
---------------+-------------+-----
Stealth        | 1 2 4 |  4.0
Fighting       | |  3.4
Short Blades   | |  3.9
Dodging        | |  2.8

Action                   |  1- 3 |  4- 6 || total
-------------------------+-------+-------++-------
Melee: Short sword       |    74 |     7 ||    81
       Constrict         |    17 |    15 ||    32
       Tentacles         |     7 |     9 ||    16
       Dagger            |       |    64 ||    64
 Stab: Sleeping          |    11 |     3 ||    14
Armor: Skin              |    10 |     1 ||    11
Dodge: Dodged            |    48 |    31 ||    79

Table legend: (Time is in decaauts)
 A = Elapsed time spent in this place.
 B = Non-inter-level travel time spent in this place.
 C = Inter-level travel time spent in this place.
 D = Time resting spent in this place.
 E = Time spent auto-exploring this place.
 F = Levels seen in this place.
 G = Mean time per level.
                   A        B        C        D        E       F      G
               +--------+--------+--------+--------+--------+-----+--------+
         Total |   3204 |   3136 |     68 |    507 |   2221 |   4 |  801.0 |
       Dungeon |   3204 |   3136 |     68 |    507 |   2221 |   4 |  801.0 |
               +--------+--------+--------+--------+--------+-----+--------+

Top non-repeatable levels by time:
     D:2: 1687 daAuts
     D:1: 747 daAuts
     D:3: 726 daAuts
     D:4: 43 daAuts
